 Dungeon Crawl Stone Soup version 0.28-a0-1415-g7c84da036a (webtiles) character file.

Game seed: 7919227925938075480

25379 tilp the Frost Mage (level 12, -1/58 HPs)
             Began as a Felid Ice Elementalist on Jan 7, 2022.
             Was an Elder of Vehumet.
             Slain by a meliai (6 damage)
             ... on level 13 of the Dungeon.
             The game lasted 01:09:11 (41005 turns).

tilp the Frost Mage (Felid Ice Elementalist)       Turns: 41005, Time: 01:09:11

Health: -1/58      AC: 11    Str:  4    XL:     12   Next: 89%
Magic:  27/27      EV: 22    Int: 20    God:    Vehumet [****..]
Gold:   2718       SH:  0    Dex: 18    Spells: 13/31 levels left
                                        Lives:  0   Deaths: 4

rFire   . . .      SeeInvis +     - Unarmed
rCold   + . .      Faith    .   (shield unavailable)
rNeg    . . .      Spirit   .   (armour unavailable)
rPois   .          Reflect  .   (helmet unavailable)
rElec   .          Harm     .   (cloak unavailable)
rCorr   .          Rampage  .   (gloves unavailable)
Will    +....                   (boots unavailable)
Stlth   +++++.....              (no amulet)
HPRegen 0.19/turn               u - +4 ring of protection
MPRegen 0.20/turn               p - +4 ring of protection

@: quick
A: very small, claws 1, fangs 3, see invisible, speed 1, shaggy fur 3, stealthy
paws, no weapons or thrown items, no armour, multi-lived
a: Renounce Religion


You were on level 13 of the Dungeon.
You worshipped Vehumet.
Vehumet was greatly pleased with you.
You visited 4 branches of the dungeon, and saw 22 of its levels.
You also visited: Gauntlet and Ice Cave.

You collected 3538 gold pieces.
You spent 820 gold pieces at shops.

Inventory:

Jewellery
 d - a +6 ring of dexterity
 m - a +6 ring of strength
 o - a ring of fire
 p - a +4 ring of protection (right paw)
 s - a +4 ring of evasion
 u - a +4 ring of protection (left paw)
 v - a ring of ice
 z - a ring of flight
 A - a ring of protection from fire
 B - a +6 ring of dexterity
 F - a ring of protection from cold
 N - a ring of positive energy
 Q - an amulet of guardian spirit
 R - a +6 ring of strength
 T - a +4 ring of slaying
Wands
 c - a wand of flame (21)
 y - a wand of iceblast (4)
 C - a wand of charming (4)
 E - a wand of paralysis (7)
Scrolls
 b - 4 scrolls of holy word
 e - 3 scrolls of blinking
 n - a scroll of torment
 q - 3 scrolls of vulnerability
 r - 10 scrolls of teleportation
 x - a scroll of immolation
 H - a scroll of summoning
 I - a scroll of fear
 M - a scroll of amnesia
 O - 2 scrolls of magic mapping
 P - 2 scrolls of identify
Potions
 a - 5 potions of might
 f - 9 potions of curing
 g - a potion of berserk rage
 h - 3 potions of attraction
 i - 3 potions of brilliance
 j - 2 potions of resistance
 k - 4 potions of mutation
 l - 5 potions of heal wounds
 t - 3 potions of cancellation
 w - 2 potions of invisibility
 K - 4 potions of flight
 L - 3 potions of lignification
Miscellaneous
 D - a phial of floods
 G - a lightning rod (4/4)
 J - a phantom mirror
 S - a condenser vane (inert)


   Skills:
 - Level 10.0 Fighting
 - Level 8.0 Dodging
 - Level 10.0 Stealth
 - Level 10.0 Unarmed Combat
 - Level 10.0 Spellcasting
 + Level 10.9 Conjurations
 - Level 6.0 Translocations
 + Level 12.7 Ice Magic
 - Level 6.0 Earth Magic
 - Level 6.0 Evocations


You had 13 spell levels left.
You knew the following spells:

 Your Spells              Type           Power      Damage    Failure   Level
a - Freeze                Ice            100%       1d11      1%          1
b - Frozen Ramparts       Ice            100%       1d12      1%          3
c - Ozocubu's Armour      Ice            57%        N/A       1%          3
d - Hailstorm             Conj/Ice       55%        3d12      1%          4
e - Iskenderun's Mystic   Conj/Tloc      43%        2d10      1%          4
f - Stone Arrow           Conj/Erth      86%        3d12      1%          3

Your spell library contained the following spells:

 Spells                   Type           Power      Damage    Failure   Level
 Iskenderun's Battlesphe  Conj           52%        2d10      1%          5
 Sandblast                Erth           68%        2d15      1%          1
 Dazzling Flash           Conj/Hex       62%        N/A       1%          3
 Passwall                 Tmut/Erth      18%        N/A       3%          2
 Ice Form                 Ice/Tmut       35%        N/A       4%          4
 Summon Ice Beast         Ice/Summ       35%        N/A       4%          4
 Irradiate                Conj/Tmut      15%        3d18      5%          5
 Slow                     Hex            40%        N/A       7%          1
 Ozocubu's Refrigeration  Ice            28%        4d10      9%          7
 Sublimation of Blood     Necr           10%        N/A       11%         2
 Wereblood                Tmut           10%        N/A       11%         2
 Confusing Touch          Hex            10%        N/A       21%         3
 Swiftness                Air            10%        N/A       21%         3
 Vampiric Draining        Necr           10%        2d6       21%         3
 Borgnjor's Vile Clutch   Necr/Erth      11%        N/A       50%         5
 Summon Lightning Spire   Summ/Air       10%        N/A       56%         4
 Agony                    Necr           10%        N/A       88%         5
 Alistair's Intoxication  Tmut/Pois      6%         N/A       88%         5
 Blade Hands              Tmut           5%         N/A       88%         5
 Silence                  Hex/Air        5%         N/A       88%         5
 Eringya's Noxious Bog    Tmut/Pois      5%         N/A       92%         6
 Dragon Form              Tmut           5%         N/A       100%        7
 Malign Gateway           Summ/Tloc      11%        N/A       100%        7
 Storm Form               Tmut/Air       5%         N/A       100%        7
 Summon Hydra             Summ           5%         N/A       100%        7
 Maxwell's Capacitive Co  Air            5%         ∞         100%        8
 Summon Horrible Things   Summ           5%         N/A       100%        8


Dungeon Overview and Level Annotations

Branches:
Dungeon (13/15)            Temple (1/1) D:6            Lair (6/6) D:8
  Snake (0/4) Lair:2       Spider (0/4) Lair:2        Slime (0/5) Lair:5
    Orc (2/2) D:10            Elf (0/3) Orc:2         IceCv (visited)
Gauntlet (visited)
 Vaults: D:13-14

Altars:
Ashenzari
Cheibriados
Dithmenos
Elyvilon
Fedhas
Gozag
Hepliaklqana
Kikubaaqudgha
Makhleb
Nemelex Xobeh
Okawaru
Qazlal
Ru
Sif Muna
Trog
Uskayaw
Vehumet
Wu Jian
Xom
Yredelemnul
Zin
The Shining One
Beogh

Shops:
D:6 *   D:8 ?   Orc:2 *([[

Annotations:
D:9 exclusions: death knight, 2 kobolds and kobold brigand
D:12 Frances


Innate Abilities, Weirdness & Mutations

You have sharp claws.
You have razor-sharp teeth.
You have supernaturally acute eyesight. (SInv)
You cover ground quickly. (Speed+)
Your thick and shaggy fur keeps you warm. (AC +3, rC+)
Your paws help you pounce on unaware monsters.
You are incapable of wielding weapons or throwing items.
You cannot wear armour.
You gain extra lives every three experience levels.


Message History

The meliai is lightly wounded.
The meliai invokes the aid of its god against you.
Something smites you! The meliai misses you. The meliai closely misses you.
You completely miss the meliai.
The meliai is lightly wounded.
The meliai hits you with a +0 war axe! The meliai misses you. x2
The meliai barely misses you. x2; The meliai misses you.
You are too injured to fight recklessly!
You are too injured to fight recklessly!
You are too injured to fight recklessly!
You are too injured to fight recklessly!
You are too injured to fight recklessly!
You are too injured to fight recklessly!
You are too injured to fight recklessly!
You are too injured to fight recklessly!
You are too injured to fight recklessly!
You are too injured to fight recklessly!
You are too injured to fight recklessly!
You are too injured to fight recklessly!
You are too injured to fight recklessly!
You are too injured to fight recklessly!
You are too injured to fight recklessly!
You are too injured to fight recklessly!
You are too injured to fight recklessly!
You barely miss the meliai. The meliai hits you with a +0 war axe!
* * * LOW HITPOINT WARNING * * *
The meliai closely misses you.
The meliai calls down the wrath of its god upon you.
Something smites you!
* * * LOW HITPOINT WARNING * * *
The meliai misses you. The meliai stings you.
* * * LOW HITPOINT WARNING * * *
The meliai closely misses you. The meliai barely misses you.
You claw the meliai! Your bite misses the meliai.
The meliai is heavily wounded.
The meliai barely misses you. The meliai misses you.
The meliai closely misses you.
The meliai stings you but does no damage.
The meliai hits you with a +0 war axe.
You die...

#......#
#..#
#......#
#..#
#......#
#..#
#......#
#..#
#......#
#..#
#......#
#..#
#......#
#..#
#......#
#..#
#...@y.#
#..# #
#...yy.#
#..# #
#......#
#..# #
#......#
#..# #
#......#
#..# #
#......#
#..# #
#......#
#..# #
#......#
#..# #
######..####


You could see 3 meliai.

Vanquished Creatures
  A reaper (IceCv)
  A minotaur (Gauntlet)
  Josephine (Lair:6)
  An ice dragon (Lair:4)
  A boulder beetle (D:12)
  9 hydras
  3 centaur warriors (D:13)
  7 two-headed ogres
  5 catoblepae
  9 death yaks
  3 orc high priests (Orc:2)
  Sonja (Lair:4)
  A skeletal warrior (D:13)
  4 orc knights (Orc:2)
  6 deep elf pyromancers (Orc:1)
  2 lindwurms
  3 deep elf zephyrmancers (Orc:1)
  A mana viper (shapeshifter) (D:13)
  2 wolf spiders (Lair:5)
  4 cyclopes
  5 orc sorcerers
  2 ugly things
  2 manticores (Lair:6)
  5 black mambas
  8 elephants
  A guardian serpent (shapeshifter) (D:13)
  10 cane toads
  2 gargoyles
  A torpor snail (Lair:4)
  5 rime drakes
  3 kobold demonologists
  16 komodo dragons
  2 unseen horrors
  An entropy weaver simulacrum (IceCv)
  5 ice devils (IceCv)
  A queen bee (Gauntlet)
  4 trolls
  2 polar bears
  A meliai (shapeshifter) (D:13)
  A hornet (Lair:3)
  Grinder (D:4)
  4 blink frogs (Lair:2)
  A meliai zombie (D:11)
  4 wraiths (Lair:6)
  2 shadows
  A dire elephant simulacrum (IceCv)
  A hog (shapeshifter) (D:12)
  A vampire (D:11)
  Sigmund (D:4)
  4 wyverns
  A redback (Lair:2)
  3 basilisks
  56 yaks
  A steam dragon (D:7)
  Menkaure (D:6)
  A harpy simulacrum (IceCv)
  9 vampire mosquitoes
  A death yak simulacrum (IceCv)
  Edmund (D:6)
  3 nagas (Lair:2)
  3 acid dragons
  18 water moccasins
  2 ice beasts
  15 orc warriors
  A hornet zombie (D:9)
  A necrophage (D:5)
  3 ogres (Orc:1)
  A black bear (D:5)
  14 wolves
  11 centaurs
  3 phantoms (D:10)
  2 kobold brigands
  Blork the orc (D:6)
  12 bullfrogs
  2 gnoll sergeants
  4 scorpions
  A water moccasin zombie (D:5)
  3 cane toad simulacra
  A wyvern skeleton (D:7)
  A water moccasin skeleton (D:6)
  2 elephant simulacra
  3 killer bees (Gauntlet)
  5 wights (D:7)
  A howler monkey (D:10)
  5 electric eels (D:8)
  8 centaur zombies
  10 orc priests
  A gnoll shaman (D:5)
  9 hounds
  16 jellies
  A centaur skeleton (D:6)
  14 orc wizards
  6 hell rats (Lair:5)
  6 iguanas
  2 spriggan simulacra (IceCv)
  2 troll simulacra (IceCv)
  2 polar bear simulacra
  A killer bee zombie (D:8)
  2 wolf simulacra (IceCv)
  6 ogre zombies (D:10)
  2 howler monkey zombies
  Robin (D:2)
  26 gnolls
  3 adders
  7 naga simulacra (IceCv)
  A shadow imp (D:7)
  2 white imps
  2 ufetubi
  An adder skeleton (D:4)
  An adder zombie (D:5)
  A worm (D:2)
  A dart slug (D:5)
  39 orcs
  5 endoplasms
  A giant cockroach (D:3)
  17 goblins
  12 hobgoblins
  5 jackals
  6 quokkas
  5 ball pythons
  10 bats
  5 frilled lizards
  A goblin zombie (D:10)
  2 hobgoblin skeletons (D:10)
  2 hobgoblin zombies (D:10)
  19 kobolds
  3 orc skeletons (D:10)
  10 orc zombies (D:10)
  5 rats
  3 butterflies
638 creatures vanquished.

Vanquished Creatures (others)
  An electric eel (Lair:5)
  A bullfrog skeleton (D:5)
  An ufetubus (IceCv)
  45 fungi
  87 plants
135 creatures vanquished.

Grand Total: 773 creatures vanquished

Notes
Turn   | Place    | Note
-------+----------+-------------------------------------------
     0 | D:1      | tilp the Felid Ice Elementalist began the quest for the
                  | Orb.
     0 | D:1      | Reached XP level 1. HP: 7/7 MP: 4/4
   172 | D:1      | Reached XP level 2. HP: 3/11 MP: 3/6
   415 | D:1      | Reached skill level 4 in Ice Magic
  1149 | D:1      | Found a faded altar of an unknown god.
  1159 | D:1      | Reached XP level 3. HP: 14/14 MP: 7/7
  1336 | D:1      | Learned a level 3 spell: Frozen Ramparts
  1838 | D:2      | Noticed Robin
  1912 | D:2      | Killed Robin
  1913 | D:2      | Reached XP level 4. HP: 16/18 MP: 4/9
  2693 | D:2      | Reached skill level 5 in Ice Magic
  3017 | D:2      | Learned a level 3 spell: Ozocubu's Armour
  3154 | D:3      | Reached XP level 5. HP: 14/21 MP: 2/10
  4035 | D:3      | Reached skill level 6 in Ice Magic
  4435 | D:4      | Noticed Grinder
  4448 | D:4      | Found a hide-covered altar of Uskayaw.
  4466 | D:4      | Gained mutation: You are covered in thick fur. (AC +2)
                  | [Felid growth]
  4466 | D:4      | Reached XP level 6. HP: 17/25 MP: 1/11
  4612 | D:4      | Reached skill level 1 in Fighting
  4612 | D:4      | Reached skill level 1 in Unarmed Combat
  5291 | D:4      | Noticed Sigmund
  5326 | D:4      | Killed Grinder
  5327 | D:4      | Reached skill level 5 in Stealth
  5327 | D:4      | Reached XP level 7. HP: 30/30 MP: 12/12
  6078 | D:3      | Learned a level 4 spell: Hailstorm
  6096 | D:5      | Entered Level 5 of the Dungeon
  6454 | D:5      | Reached skill level 1 in Conjurations
  6509 | D:5      | Reached XP level 8. HP: 33/33 MP: 4/14
  7627 | D:4      | Killed Sigmund
  7667 | D:6      | Found a staircase to the Ecumenical Temple.
  7672 | D:6      | Noticed Edmund
  7693 | D:6      | Killed Edmund
  7694 | D:6      | Reached skill level 7 in Ice Magic
  7878 | Temple   | Entered the Ecumenical Temple
  8030 | Temple   | Became a worshipper of Vehumet
  8311 | D:6      | Noticed Blork the orc
  8389 | D:6      | Noticed Menkaure
  8389 | D:6      | Found Ihiunwoyska's Assorted Antiques.
  8403 | D:6      | Killed Menkaure
  8574 | D:6      | Bought 2 murky cyan potions for 57 gold pieces
  8574 | D:6      | Bought 2 brown potions for 57 gold pieces
  8574 | D:6      | Bought a scroll labelled REK QEYDDI for 32 gold pieces
  8739 | D:6      | Killed Blork the orc
  8740 | D:6      | Reached skill level 5 in Spellcasting
  8815 | D:6      | Reached XP level 9. HP: 36/36 MP: 14/17
  9398 | D:6      | Reached skill level 8 in Ice Magic
  9402 | D:6      | Reached skill level 1 in Evocations
  9411 | D:6      | Reached skill level 5 in Dodging
  9694 | D:6      | Reached * piety under Vehumet
  9694 | D:6      | Offered knowledge of Sandblast by Vehumet.
  9696 | D:6      | Reached skill level 5 in Unarmed Combat
 10170 | D:6      | Bought a coral ring for 160 gold pieces
 11046 | D:7      | Reached XP level 10. HP: 42/42 MP: 18/18
 11478 | D:8      | Found Fiocosuk's Magic Scroll Shoppe.
 11487 | D:8      | Bought a scroll of teleportation for 36 gold pieces
 11487 | D:8      | Bought a scroll of identify for 24 gold pieces
 11487 | D:8      | Bought a scroll of teleportation for 36 gold pieces
 11487 | D:8      | Bought a scroll of identify for 24 gold pieces
 11487 | D:8      | Bought a scroll of identify for 24 gold pieces
 11487 | D:8      | Bought a scroll of blinking for 90 gold pieces
 12085 | D:8      | Offered knowledge of Poisonous Vapours by Vehumet.
 12105 | D:8      | Found a staircase to the Lair.
 12107 | D:8      | Reached ** piety under Vehumet
 12957 | D:9      | Reached skill level 5 in Conjurations
 13109 | D:9      | Noticed a death knight
 13679 | D:9      | Reached skill level 9 in Ice Magic
 14409 | D:10     | Entered Level 10 of the Dungeon
 14442 | D:10     | Offered knowledge of Conjure Flame by Vehumet.
 14531 | D:10     | Reached *** piety under Vehumet
 14630 | D:10     | Noticed a two-headed ogre
 14640 | D:10     | Reached XP level 11. HP: 41/46 MP: 13/22
 14641 | D:10     | Killed a two-headed ogre
 14893 | D:10     | Found a staircase to the Orcish Mines.
 15054 | D:10     | Offered knowledge of Olgreb's Toxic Radiance by Vehumet.
 15154 | D:10     | Reached skill level 10 in Ice Magic
 15757 | D:11     | Found a gate leading to a gauntlet.
 15782 | D:11     | Reached **** piety under Vehumet
 15790 | D:11     | Offered knowledge of Iskenderun's Mystic Blast by Vehumet.
 15796 | D:11     | Learned a level 4 spell: Iskenderun's Mystic Blast
 15812 | Gauntlet | Entered a Gauntlet
 15812 | Gauntlet | Noticed a wizard
 15812 | Gauntlet | Found a transporter.
 15812 | Gauntlet | Found a transporter.
 15812 | Gauntlet | Found a transporter.
 15857 | Gauntlet | Found a transporter.
 15859 | Gauntlet | Found a transporter.
 15870 | Gauntlet | Found a transporter.
 15870 | Gauntlet | Found a transporter.
 15872 | Gauntlet | Noticed an eight-headed hydra
 15878 | Gauntlet | Found a transporter.
 15892 | Gauntlet | Found a large runed translucent door.
 15893 | Gauntlet | Found a large runed translucent door.
 15894 | Gauntlet | Found a large runed translucent door.
 15894 | Gauntlet | Found a large runed translucent door.
 15895 | Gauntlet | Found a runed translucent gate.
 15896 | Gauntlet | Found a transporter.
 15896 | Gauntlet | Found a runed translucent gate.
 15897 | Gauntlet | Found a large runed translucent door.
 15897 | Gauntlet | Found a large runed translucent door.
 15897 | Gauntlet | Found a runed translucent door.
 15898 | Gauntlet | Found a large runed translucent door.
 15899 | Gauntlet | Found a large runed translucent door.
 15901 | Gauntlet | Found a transporter.
 15901 | Gauntlet | Noticed a green death
 15904 | Gauntlet | Found a transporter.
 15917 | Gauntlet | Found a transporter.
 15970 | Gauntlet | Found a large runed translucent door.
 15971 | Gauntlet | Found a large runed translucent door.
 15972 | Gauntlet | Found a large runed translucent door.
 15972 | Gauntlet | Found a large runed translucent door.
 15972 | Gauntlet | Found a runed translucent door.
 15973 | Gauntlet | Found a large runed translucent door.
 15974 | Gauntlet | Found a large runed translucent door.
 15975 | Gauntlet | Found a large runed translucent door.
 15975 | Gauntlet | Found a large runed translucent door.
 15976 | Gauntlet | Found a runed translucent gate.
 16183 | Gauntlet | Slain by a centaur warrior simulacrum
 16184 | Gauntlet | Reached XP level 10. HP: -1/43 MP: 4/21
 16390 | Gauntlet | Noticed a minotaur
 16402 | Gauntlet | Killed a minotaur
 16403 | Gauntlet | Reached skill level 5 in Evocations
 16410 | Gauntlet | Identified the +1 robe "Woor" {rF+}
 16536 | D:11     | Reached skill level 5 in Fighting
 16854 | D:11     | Reached XP level 11. HP: 47/47 MP: 10/22
 17694 | Lair:1   | Entered Level 1 of the Lair of Beasts
 18586 | Lair:1   | Reached skill level 10 in Stealth
 19016 | Lair:2   | Noticed a five-headed hydra
 19350 | Lair:2   | Killed a five-headed hydra
 19736 | Lair:2   | Found a hole to the Spider Nest.
 20792 | Lair:2   | Noticed a lindwurm
 20815 | Lair:2   | Killed a lindwurm
 21087 | Lair:2   | Reached skill level 1 in Translocations
 21096 | Lair:2   | Reached ***** piety under Vehumet
 21096 | Lair:2   | Offered knowledge of Lee's Rapid Deconstruction by Vehumet.
 21271 | Lair:2   | Found a staircase to the Snake Pit.
 21612 | Lair:3   | Gained mutation: Your thick and shaggy fur keeps you warm.
                  | (AC +3, rC+) [Felid growth]
 21612 | Lair:3   | Reached XP level 12. HP: 55/55 MP: 23/23
 21871 | Lair:3   | Noticed a four-headed hydra
 21884 | Lair:3   | Killed a four-headed hydra
 22743 | Lair:4   | Noticed a death yak
 22757 | Lair:4   | Killed a death yak
 22762 | Lair:4   | Noticed Sonja
 22774 | Lair:4   | Killed Sonja
 23626 | Lair:4   | Noticed an ice dragon
 23645 | Lair:4   | Killed an ice dragon
 23646 | Lair:4   | Reached skill level 11 in Ice Magic
 24435 | Lair:5   | Found a frozen archway.
 24693 | IceCv    | Entered an ice cave
 25477 | IceCv    | Reached XP level 13. HP: 30/58 MP: 4/26
 25865 | IceCv    | Learned a level 3 spell: Stone Arrow
 26610 | IceCv    | Offered knowledge of Lightning Bolt by Vehumet.
 26885 | IceCv    | Noticed a reaper
 26899 | IceCv    | Slain by a reaper
 26900 | IceCv    | Reached XP level 12. HP: -2/55 MP: 4/25
 26904 | IceCv    | Killed a reaper
 26905 | IceCv    | Reached skill level 1 in Earth Magic
 27648 | Lair:5   | Noticed a six-headed hydra
 27658 | Lair:5   | Killed a six-headed hydra
 27794 | Lair:5   | Noticed a seven-headed hydra
 27803 | Lair:5   | Killed a seven-headed hydra
 28020 | Lair:5   | Found a staircase to the Slime Pits.
 28256 | Lair:5   | Noticed a death yak
 28259 | Lair:5   | Noticed a death yak
 28259 | Lair:5   | Noticed a death yak
 28261 | Lair:5   | Noticed a seven-headed hydra
 28272 | Lair:5   | Killed a death yak
 28274 | Lair:5   | Killed a death yak
 28281 | Lair:5   | Killed a seven-headed hydra
 28281 | Lair:5   | Killed a death yak
 28632 | Lair:5   | Noticed a death yak
 28642 | Lair:5   | Killed a death yak
 29090 | Lair:5   | Reached skill level 12 in Ice Magic
 29238 | Lair:6   | Entered Level 6 of the Lair of Beasts
 29378 | Lair:6   | Noticed a catoblepas
 29985 | Lair:6   | Reached XP level 13. HP: 43/58 MP: 16/27
 30363 | Lair:6   | Reached skill level 10 in Conjurations
 31423 | Lair:6   | Offered knowledge of Starburst by Vehumet.
 31781 | Lair:6   | Noticed Josephine
 31980 | Lair:6   | Killed Josephine
 33258 | Orc:1    | Entered Level 1 of the Orcish Mines
 33984 | Orc:2    | Entered Level 2 of the Orcish Mines
 33993 | Orc:2    | Found a staircase to the Elven Halls.
 34507 | Orc:2    | Offered knowledge of Iskenderun's Battlesphere by Vehumet.
 34559 | Orc:1    | Reached skill level 10 in Fighting
 34559 | Orc:1    | Reached skill level 10 in Unarmed Combat
 34987 | Orc:1    | Reached XP level 14. HP: 42/66 MP: 13/28
 35997 | Orc:2    | Found Gucott's Assorted Antiques.
 37390 | Orc:2    | Reached skill level 5 in Earth Magic
 37716 | Orc:2    | Found Nuaj's Weapon Shop.
 37725 | Orc:2    | Found Wagoyp's Antique Armour Emporium.
 37732 | Orc:2    | Reached skill level 5 in Translocations
 37973 | Orc:2    | Found Ysirurgh's Armour Emporium.
 37998 | Orc:2    | Bought a tubular cabochon ring for 140 gold pieces
 37998 | Orc:2    | Bought a potion of heal wounds for 140 gold pieces
 38707 | D:12     | Noticed Frances
 39755 | D:13     | Shot with an arrow by a centaur warrior
 39756 | D:13     | Reached XP level 13. HP: -14/61 MP: 27/27
 40515 | D:13     | Reached skill level 10 in Spellcasting
 40668 | D:13     | HP: 2/61 [centaur warrior/arrow (19)]
 40668 | D:13     | Shot with an arrow by a centaur warrior
 40669 | D:13     | Reached XP level 12. HP: -1/58 MP: 16/27
 40701 | D:13     | Killed a centaur warrior
 41005 | D:13     | Slain by a meliai

Illustrated notes

Levels and vault maps discovered:
D:1:      shiori_arrival_maze, layout_rooms, hellmonk_ecumenical_altar_zigzags,
          minmay_misc_feat_plants, minmay_misc_feat_square, st_stairs_2
D:2:      layout_basic, uniq_robin
D:3:      layout_loops_corners
D:4:      layout_basic, lemuel_crystal_altar, grunt_ministairs_8,
          corexii_mini_fake_secret_closet, wad_woods_river_04,
          minmay_misc_feat_iff, hangedman_decor_points,
          kennysheep_generic_room_9, uniq_grinder, uniq_sigmund
D:5:      layout_basic, lemuel_flame_loot_1
D:6:      layout_gridville, temple_fountains, serial_shops,
          nicolae_shop_overgrown_old_shop, uniq_edmund, uniq_menkaure,
          uniq_blork_the_orc
D:7:      layout_rooms, minmay_misc_feat_tiny,
          amcnicky_mini_rare_corridor_liquid, kennysheep_generic_room_4
D:8:      layout_loops_ring, erik_lair_island, serial_shops,
          nicolae_diamond_shop, hangedman_abyss_or_decor_stabs
D:9:      minmay_recursive_quarters, layout_irregular_city
D:10:     layout_basic, zombieorc1_lemuel
D:11:     layout_loops_corners, gauntlet_entry_generic,
          chequers_decorated_corner
D:12:     layout_long_grid, minmay_fountain_box, minmay_starry_boxes,
          uniq_frances
D:13:     layout_long_grid, david_vaults_4, serial_undead, serial_undead_c,
          serial_undead_e, serial_undead_c, serial_undead_d
Temple:   mainiacjoe_temple_circle_huts
Lair:1:   layout_chaotic_city, grunt_megastairs_1
Lair:2:   layout_regular_city, guppyfry_snake_entry_island,
          spider_nest_entry_rubble, minivault_27, columned_hall_lemuel,
          lemuel_fruit_fields
Lair:3:   layout_small_grid
Lair:4:   dragon1_lemuel, layout_cave_pods, beast_lair_carwin_11,
          grunt_megastairs_4, lemuel_fruit_tree, lemuel_fruit_fields, uniq_sonja
Lair:5:   nzn_winding_woodlands_small [nzn_winding_woodlands_5x15_lazy_stream,
          nzn_winding_woodlands_center_garden,
          nzn_winding_woodlands_5x15_pathside_ponds], layout_misc_corridors,
          minmay_slime_entry_jelly_boxes, portal_ice_cave_entry_ice_simulacra,
          nicolae_lair_run_with_the_wolves, serial_bayou_shore_b,
          infiniplex_staircase_pool
Lair:6:   evilmike_catoblepas_cave, layout_concentric_octagons, uniq_josephine
Orc:1:    layout_diamond_mine, basic_altar, elves_outpost_lemuel
Orc:2:    st_orc_elflike, layout_caves, mines2_david

Skill      XL: |  1  2  3  4  5  6  7  8  9 10 11 12 13 14 |
---------------+-------------------------------------------+-----
Ice Magic      | 4 5 6 7 8 9 10 12 | 12.7
Spellcasting   | 3 5 6 7 9 10 | 10.0
Dodging        | 3 4 6 7 8 |  8.0
Stealth        | 3 5 6 7 9 10 | 10.0
Fighting       | 2 4 5 8 10 | 10.0
Unarmed Combat | 2 4 5 6 8 10 | 10.0
Conjurations   | 1 3 4 6 9 10 | 10.9
Evocations     | 3 5 6 |  6.0
Translocations | 2 4 6 |  6.0
Earth Magic    | 6 5 |  6.0

Action                   |  1- 3 |  4- 6 |  7- 9 | 10-12 | 13-15 || total
-------------------------+-------+-------+-------+-------+-------++-------
Melee: Unarmed           |    18 |    40 |   159 |   654 |   227 ||  1098
       Bite              |       |    10 |    26 |   112 |    37 ||   185
       Punch             |       |     1 |     7 |    34 |    16 ||    58
 Cast: Freeze            |    47 |    38 |    29 |    53 |     4 ||   171
       Frozen Ramparts   |     6 |    22 |    18 |    90 |    47 ||   183
       Ozocubu's Armour  |       |     8 |    20 |   107 |    56 ||   191
       Hailstorm         |       |       |     6 |   102 |    26 ||   134
       Iskenderun's Myst |       |       |       |    71 |    45 ||   116
       Stone Arrow       |       |       |       |    14 |   253 ||   267
Evoke: Wand              |       |       |     1 |    19 |     2 ||    22
       Lightning rod     |       |       |       |     3 |       ||     3
       Phantom mirror    |       |       |       |     1 |       ||     1
       Condenser vane    |       |       |       |       |     1 ||     1
  Use: Scroll            |     3 |     5 |     6 |    15 |     6 ||    35
       Potion            |       |       |       |     2 |     3 ||     5
 Stab: Sleeping          |     7 |    13 |    11 |    34 |    14 ||    79
       Paralysed         |       |       |       |     2 |       ||     2
Armor: Skin              |     2 |       |    18 |   180 |    83 ||   283
Dodge: Dodged            |    41 |    38 |   122 |   636 |   308 ||  1145

Table legend: (Time is in decaauts)
 A = Elapsed time spent in this place.
 B = Non-inter-level travel time spent in this place.
 C = Inter-level travel time spent in this place.
 D = Time resting spent in this place.
 E = Time spent auto-exploring this place.
 F = Levels seen in this place.
 G = Mean time per level.
                   A        B        C        D        E       F      G
               +--------+--------+--------+--------+--------+-----+--------+
         Total |  37656 |  36498 |   1158 |  12797 |  18076 |  24 | 1569.0 |
       Dungeon |  17910 |  17166 |    744 |   4221 |  10230 |  13 | 1377.7 |
        Temple |    244 |    231 |     13 |      0 |    209 |   1 |  244.0 |
          Lair |  12208 |  11943 |    265 |   4422 |   5962 |   6 | 2034.7 |
  Orcish Mines |   4496 |   4361 |    135 |   2206 |   1558 |   2 | 2248.0 |
      Ice Cave |   2250 |   2250 |      0 |   1783 |     16 |   1 | 2250.0 |
      Gauntlet |    545 |    545 |      0 |    162 |     99 |   1 |  545.0 |
               +--------+--------+--------+--------+--------+-----+--------+

Top non-repeatable levels by time:
  Lair:6: 3161 daAuts
  Lair:5: 2936 daAuts
   Orc:2: 2775 daAuts
   IceCv: 2250 daAuts
     D:5: 2147 daAuts
     D:6: 2004 daAuts
  Lair:2: 1861 daAuts
  Lair:1: 1801 daAuts
   Orc:1: 1720 daAuts
     D:1: 1709 daAuts
  Lair:4: 1550 daAuts
     D:8: 1460 daAuts
     D:4: 1431 daAuts
    D:13: 1383 daAuts
    D:12: 1287 daAuts
